 Dungeon Crawl Stone Soup version 0.27.1-4-g1640c2035a (webtiles) character file.

Game seed: 8447800474248362594

46 scsoc the Shield-Bearer (level 3, -5/24 HPs)
             Began as a Gargoyle Fighter on Nov 3, 2021.
             Slain by a worm (6 damage)
             ... on level 2 of the Dungeon.
             The game lasted 00:03:13 (1772 turns).

scsoc the Shield-Bearer (Gargoyle Fighter)          Turns: 1772, Time: 00:03:15

Health: -5/24      AC: 10    Str: 20    XL:     3   Next: 66%
Magic:  3/3        EV:  7    Int:  8    God:
Gold:   25         SH:  9    Dex:  9    Spells: 2/2 levels left

rFire    . . .     SeeInvis .   a - +0 flail
rCold    . . .     Faith    .   c - +0 kite shield
rNeg     + . .     Spirit   .   b - +0 scale mail
rPois    ∞         Reflect  .   (no helmet)
rElec    +         Harm     .   (no cloak)
rCorr    .         Rampage  .   (no gloves)
Will     .....                  (no boots)
Stlth    ..........             (no amulet)
HPRegen  0.08/turn              (no ring)
MPRegen  0.08/turn              (no ring)

@: mighty
A: sickness immunity, AC +3, negative energy resistance 1, electricity
resistance, torment resistance 1, petrification resistance
a: no special abilities


You were on level 2 of the Dungeon.
You visited 1 branch of the dungeon, and saw 2 of its levels.

You collected 25 gold pieces.

Inventory:

Hand Weapons
 a - a +0 flail (weapon)
Armour
 b - a +0 scale mail (worn)
 c - a +0 kite shield (worn)
Scrolls
 e - a scroll of blinking {unknown}
Potions
 f - a potion of attraction {unknown}
 g - a potion of magic {unknown}
 h - a potion of heal wounds {unknown}


   Skills:
 + Level 3.7 Fighting
 + Level 2.3 Maces & Flails
 + Level 3.8 Armour
 + Level 0.5 Dodging
 + Level 3.8 Shields


You had 2 spell levels left.
You didn't know any spells.
Your spell library contained the following spells:

 Spells                   Type           Power      Damage    Failure   Level
 Sting                    Tmut/Pois      0%         1d3       99%         1
 Poisonous Vapours        Pois/Air       0%         N/A       100%        2
 Olgreb's Toxic Radiance  Pois           0%         N/A       100%        4


Dungeon Overview and Level Annotations

Branches:
Dungeon (2/15)

Altars:


Innate Abilities, Weirdness & Mutations

You are immune to sickness and miasma.
Your stone body is resilient. (AC +3)
You are immune to poison.
You resist negative energy. (rN+)
You are resistant to electric shocks. (rElec)
You are resistant to unholy torment.
You are immune to petrification.


Message History

You block the hobgoblin's attack.
The ball python bites you but does no damage.
The ball python constricts you.
You thump the adder!
You kill the adder!
You block the ball python's attack. The ball python constricts you.
The hobgoblin hits you but does no damage.
You block the ball python's attack. The ball python constricts you.
The hobgoblin hits you but does no damage.
You sock the ball python!
You kill the ball python!
The hobgoblin hits you but does no damage.
You closely miss the hobgoblin.
The hobgoblin hits you but does no damage.
The hobgoblin hits you.
You closely miss the hobgoblin. The hobgoblin barely misses you.
You bludgeon the hobgoblin!!
You kill the hobgoblin!
You climb downwards.
The jackal barely misses you. You block the jackal's attack.
The worm bites you.
There is a stone staircase leading up here.
You sock the jackal!
You kill the jackal!
The jackal bites you but does no damage.
The jackal barely misses you.
You barely miss the jackal. You block the jackal's attack.
The jackal closely misses you. You block the adder's attack.
The worm bites you!
* * * LOW HITPOINT WARNING * * *
The jackal bites you.
* * * LOW HITPOINT WARNING * * *
The jackal bites you but does no damage.
The adder bites you but does no damage. The endoplasm freezes you.
You are frozen.
* * * LOW HITPOINT WARNING * * *
The jackal bites you but does no damage.
You block the jackal's attack. The adder bites you but does no damage.
The worm bites you.
You die...

...........$.
......:.....
#...........
#...........
#..........=
#...h.......
#...hw......
#...@h......
#...JS......
#...........
#...........
#...........
#####...####
####


You could see a worm, an adder, an endoplasm and 3 jackals.

Vanquished Creatures
  An adder (D:1)
  8 ball pythons (D:1)
  5 endoplasms (D:1)
  A goblin (D:1)
  4 hobgoblins (D:1)
  A jackal (D:2)
  3 quokkas (D:1)
  2 bats (D:1)
  2 frilled lizards (D:1)
  5 kobolds (D:1)
  3 rats (D:1)
35 creatures vanquished.

Notes
Turn   | Place    | Note
-------+----------+-------------------------------------------
     0 | D:1      | scsoc the Gargoyle Fighter began the quest for the Orb.
     0 | D:1      | Reached XP level 1. HP: 14/14 MP: 1/1
   481 | D:1      | Reached XP level 2. HP: 17/19 MP: 2/2
   866 | D:1      | Reached XP level 3. HP: 12/23 MP: 3/3
  1772 | D:2      | HP: 1/24 [frozen (4)]
  1772 | D:2      | Slain by a worm

Illustrated notes

Levels and vault maps discovered:
D:1:      wander_arrival_fairy_ring, layout_loops_ring,
          hangedman_decor_clover_reticule, minmay_octomino_j4
D:2:      layout_basic

Action                   || total
-------------------------++-------
Melee: Flail             ||   145
  Use: Potion            ||     1
Armor: Scale mail        ||    97
Dodge: Dodged            ||    58
Block: Kite shield       ||   106
